 Dungeon Crawl Stone Soup version 0.29-a0-214-g17f627cfee (webtiles) character file.

Game seed: 694317141766867952

6209 snetch the Thaumaturge (level 11, -2/71 HPs)
             Began as a Djinni Fire Elementalist on Jan 12, 2022.
             Was an Elder of Wu Jian.
             Killed from afar by an electric eel (15 damage)
             ... with a bolt of electricity
             ... on level 10 of the Dungeon on Feb 24, 2022.
             The game lasted 00:38:48 (9311 turns).

snetch the Thaumaturge (Djinni Fire Elementalist)   Turns: 9311, Time: 00:38:48

Health: -2/71      AC: 10    Str:  7    XL:     11   Next: 14%
Gold:   85         EV: 10    Int: 22    God:    Wu Jian [****..] SH:  4 Dex: 13

rFire   + . .      SeeInvis .   d - +0 scimitar
rCold   . . .      Faith    .   m - +0 buckler
rNeg    . . .      Spirit   .   i - +0 ring mail
rPois   ∞          Reflect  .   (no helmet)
rElec   .          Harm     .   Q - +0 cloak
rCorr   .          Rampage  .   P - +2 pair of gloves
Will    +....                   (boots unavailable)
Stlth   ++........              x - amulet of regeneration
HPRegen 1.01/turn               O - ring of ice
MPRegen 0.00/turn               T - +4 ring of slaying

@: flying
A: sickness immunity, fire resistance 2, cold vulnerability 1, float, innate
caster, HP casting, extra vitality 1
a: Renounce Religion, Wall Jump, Serpent's Lash


You were on level 10 of the Dungeon.
You worshipped Wu Jian.
Wu Jian was greatly pleased with you.
You visited 2 branches of the dungeon, and saw 11 of its levels.

You collected 405 gold pieces.
You spent 320 gold pieces at shops.

Inventory:

Hand Weapons
 d - a +0 scimitar (weapon)
 o - a +0 war axe
 s - a +3 whip
 t - a +0 morningstar
 M - a +0 halberd
 V - a +0 trident
 W - a +0 glaive
Missiles
 b - 20 poisoned darts
 j - 172 stones
 H - a throwing net
 S - a curare-tipped dart
 Z - 2 boomerangs
Armour
 i - a +0 ring mail (worn)
 k - an orb of mayhem
 m - a +0 buckler (worn)
 n - an orb of light
 r - a +0 chain mail
 P - a +2 pair of gloves (worn)
 Q - a +0 cloak (worn)
 X - a +0 plate armour
Magical Staves
 R - a staff of poison
Jewellery
 w - a ring of protection from fire
 x - an amulet of regeneration (around neck)
 O - a ring of ice (left hand)
 T - a +4 ring of slaying (right hand)
Wands
 v - a wand of acid (7)
 D - a wand of paralysis (12)
 L - a wand of flame (42)
Scrolls
 a - a scroll of amnesia {unknown}
 f - 2 scrolls of enchant armour {unknown}
 g - 3 scrolls of immolation {unknown}
 h - a scroll of magic mapping {unknown}
 p - 2 scrolls of blinking {unknown}
 y - a scroll of fog {unknown}
 z - 4 scrolls of identify {unknown}
 C - a scroll of holy word {unknown}
 F - 4 scrolls of teleportation {unknown}
 J - 2 scrolls of noise {unknown}
 U - 2 scrolls of fear
Potions
 c - 4 potions of ambrosia
 e - 5 potions of attraction
 l - 5 potions of heal wounds {unknown}
 q - 6 potions of lignification
 u - a potion of invisibility {unknown}
 A - 4 potions of brilliance {unknown}
 B - a potion of haste {unknown}
 E - a potion of berserk rage {unknown}
 G - 3 potions of degeneration {unknown}
 I - 3 potions of mutation
 K - a potion of might {unknown}
 N - a potion of curing {unknown}
 Y - a potion of resistance


   Skills:
 + Level 3.4 Fighting
 + Level 5.2 Armour
 + Level 4.7 Dodging
 + Level 4.5 Stealth
 + Level 2.3 Shields
 + Level 10.5 Spellcasting


You had 4 spell levels left.
You knew the following spells:

 Your Spells              Type           Power      Damage    Failure   Level
a - Foxfire               Conj/Fire      100%       2x1d9     1%          1
b - Scorch                Fire           100%       2d10      1%          2
c - Conjure Flame         Conj/Fire      55%        6-21      1%          3
d - Inner Flame           Hex/Fire       55%        N/A       1%          3
e - Flame Wave            Conj/Fire      55%        2d11      3%          4
f - Sandblast             Erth           100%       2d20      1%          1
g - Corpse Rot            Necr/Air       100%       N/A       1%          2
h - Swiftness             Air            55%        N/A       1%          3
i - Spider Form           Tmut/Pois      55%        N/A       1%          3
j - Irradiate             Conj/Tmut      27%        3d22      9%          5
Your spell library was empty.

Dungeon Overview and Level Annotations

Branches:
Dungeon (10/15)            Temple (1/1) D:5             Orc (0/2) D:9
   Lair: D:8-11

Altars:
Ashenzari
Cheibriados
Dithmenos
Elyvilon
Fedhas
Gozag
Hepliaklqana
Kikubaaqudgha
Makhleb
Nemelex Xobeh
Okawaru
Qazlal
Ru
Sif Muna
Trog
Uskayaw
Vehumet
Wu Jian
Xom
Yredelemnul
Zin
The Shining One

Shops:
D:9 !


Innate Abilities, Weirdness & Mutations

You are immune to sickness and miasma.
You are immune to poison.
Your flesh is very heat resistant. (rF++)
You are vulnerable to cold. (rC-)
You float through the air rather than walking.
You learn spells naturally, not from books.
Your magical power is your life essence.
You have superior vitality. (+4 MHP)


Message History

The yak gores you but does no damage.
Casting: Flame Wave (dangerous; 3% risk of failure)
Confirm with . or Enter, or press ? or * to list all spells.
Casting: Flame Wave (dangerous; 3% risk of failure)
Press: ? - help, Dir - look around, f - activate A wave of flame ripples out!
The flame wave engulfs the yak!
The yak is severely wounded.
The flame wave engulfs the yak.
The yak is almost dead.
The flame wave engulfs the yak.
The yak is severely wounded. (Press . to intensify the flame waves.)
The yak gores you! The yak barely misses you. The yak gores you.
* * * LOW HITPOINT WARNING * * *
A wave of flame ripples out!
The flame wave engulfs the yak!
You kill the yak!
The Council accepts your kill.
The flame wave engulfs the yak!
You kill the yak!
The Council accepts your kill.
The flame wave engulfs the yak.
The yak is almost dead.
* * * LOW HITPOINT WARNING * * *
The yak barely misses you.
A wave of flame ripples out!
The flame wave engulfs the yak.
The yak is almost dead.
* * * LOW HITPOINT WARNING * * *
You finish channelling waves of flame.
The yak gores you but does no damage.
The electric eel shoots out a bolt of lightning at you!
The bolt of electricity hits you.
* * * LOW HITPOINT WARNING * * *
Casting: Flame Wave (dangerous; 3% risk of failure)
Confirm with . or Enter, or press ? or * to list all spells.
Flames lash the yak.
You kill the yak!
The Council accepts your kill.
* * * LOW HITPOINT WARNING * * *
The electric eel shoots out a bolt of lightning at you!
The bolt of electricity hits you!
You die...

$..# ...#
...###### .
##........ ...
##.........
....#..........
......†........
.......@.......
......†††......
...............
............#..
..........### .
...........
............
S###.........


You could see an electric eel.

Vanquished Creatures
  A two-headed ogre (D:7)
  Maurice (D:8)
  A hornet (shapeshifter) (D:8)
  A wyvern (D:8)
  10 yaks
  Grum (D:8)
  3 wargs (D:9)
  An acid dragon (D:8)
  2 water moccasins
  4 orc warriors
  An ice beast (D:4)
  A hornet zombie (D:7)
  A sky beast (D:5)
  3 ogres
  3 wolves (D:7)
  A centaur (D:9)
  3 kobold brigands
  Blork the orc (D:6)
  A bullfrog (D:6)
  A water moccasin skeleton (D:5)
  A howler monkey (D:8)
  A bullfrog zombie (D:6)
  2 centaur zombies
  A bullfrog skeleton (D:4)
  3 gnoll shamans
  4 orc priests
  4 hounds
  A jelly (D:6)
  An iguana (D:5)
  7 orc wizards
  A hound skeleton (D:4)
  9 gnolls
  8 adders
  A white imp (D:7)
  3 ufetubi
  4 dart slugs
  22 orcs
  5 bats
  10 endoplasms
  3 giant cockroaches
  5 goblins
  7 hobgoblins
  4 jackals (D:4)
  6 quokkas
  6 ball pythons
  3 frilled lizards
  12 kobolds
  A quokka skeleton (D:4)
  8 rats
184 creatures vanquished.

Vanquished Creatures (others)
  514 foxfires
514 creatures vanquished.

Grand Total: 698 creatures vanquished

Notes
Turn   | Place    | Note
-------+----------+-------------------------------------------
     0 | D:1      | snetch the Djinni Fire Elementalist began the quest for the
                  | Orb.
     0 | D:1      | Reached XP level 1. HP: 15/15 MP: 0/0
   245 | D:1      | Reached XP level 2. HP: 18/21 MP: 0/0
   502 | D:1      | Found a faded altar of an unknown god.
   508 | D:1      | Reached skill level 3 in Spellcasting
   518 | D:1      | Prayed at the altar of an unknown god.
   518 | D:1      | Became a worshipper of the Wu Jian Council
   518 | D:1      | Reached * piety under Wu Jian
   649 | D:1      | Reached XP level 3. HP: 7/25 MP: 0/0
   649 | D:1      | Learned a level 1 spell: Sandblast
  1541 | D:2      | You are sucked into a shaft and drop 1 floor!
  1553 | D:3      | Reached XP level 4. HP: 24/31 MP: 0/0
  2511 | D:2      | Reached XP level 5. HP: 30/35 MP: 0/0
  2511 | D:2      | Learned a level 2 spell: Corpse Rot
  2848 | D:2      | Reached ** piety under Wu Jian
  3241 | D:3      | Reached skill level 4 in Spellcasting
  3775 | D:4      | Noticed an ogre
  3785 | D:4      | Killed an ogre
  3786 | D:4      | Reached XP level 6. HP: 28/41 MP: 0/0
  3793 | D:4      | Noticed an ice beast
  3800 | D:4      | Killed an ice beast
  3805 | D:4      | HP: 1/41 [bullfrog skeleton (6)]
  3807 | D:4      | Reached skill level 5 in Spellcasting
  4193 | D:4      | Reached XP level 7. HP: 46/46 MP: 0/0
  4193 | D:4      | Learned a level 3 spell: Swiftness
  4300 | D:5      | Entered Level 5 of the Dungeon
  4377 | D:5      | Found a staircase to the Ecumenical Temple.
  4906 | D:4      | Upgraded the game from 0.28-a0-1493-g08698888e4 to
                  | 0.29-a0-207-gf982a884d8
  5449 | D:5      | Reached skill level 1 in Armour
  5527 | D:6      | Noticed a water moccasin
  5531 | D:6      | Killed a water moccasin
  5532 | D:6      | Reached XP level 8. HP: 36/51 MP: 0/0
  5541 | Temple   | Entered the Ecumenical Temple
  5885 | D:5      | Reached skill level 1 in Fighting
  5885 | D:5      | Reached skill level 6 in Spellcasting
  5920 | D:5      | Reached *** piety under Wu Jian
  6244 | D:6      | Noticed Blork the orc
  6250 | D:6      | Killed Blork the orc
  6803 | D:6      | Upgraded the game from 0.29-a0-207-gf982a884d8 to
                  | 0.29-a0-214-g17f627cfee
  7083 | D:7      | Reached XP level 9. HP: 56/57 MP: 0/0
  7083 | D:7      | Learned a level 3 spell: Spider Form
  7137 | D:7      | Found a hazy altar of Hepliaklqana.
  7161 | D:7      | Reached skill level 7 in Spellcasting
  7270 | D:7      | Noticed a two-headed ogre
  7277 | D:7      | Killed a two-headed ogre
  7278 | D:7      | Reached skill level 1 in Shields
  7549 | D:8      | Reached skill level 8 in Spellcasting
  7615 | D:8      | Noticed Grum
  7643 | D:7      | Reached **** piety under Wu Jian
  7712 | D:8      | Killed Grum
  7728 | D:8      | Noticed a hornet
  7732 | D:8      | Killed a hornet
  7733 | D:8      | Reached XP level 10. HP: 64/65 MP: 0/0
  7927 | D:8      | Noticed Maurice
  7931 | D:8      | Killed Maurice
  7932 | D:8      | Reached skill level 9 in Spellcasting
  8777 | D:9      | Found a staircase to the Orcish Mines.
  8794 | D:9      | Reached skill level 10 in Spellcasting
  9081 | D:9      | Reached skill level 5 in Armour
  9097 | D:9      | Found Toapnouw's Distillery.
  9105 | D:9      | Bought a potion of resistance for 100 gold pieces
  9105 | D:9      | Bought a potion of lignification for 30 gold pieces
  9105 | D:9      | Bought a potion of ambrosia for 80 gold pieces
  9105 | D:9      | Bought a potion of attraction for 30 gold pieces
  9105 | D:9      | Bought a potion of mutation for 80 gold pieces
  9169 | D:10     | Entered Level 10 of the Dungeon
  9181 | D:10     | Reached XP level 11. HP: 63/71 MP: 0/0
  9181 | D:10     | Learned a level 5 spell: Irradiate
  9311 | D:10     | Killed from afar by an electric eel

Illustrated notes

Levels and vault maps discovered:
D:1:      grunt_arrival_crossed_arrows, layout_loops_cross,
          ebering_ecumenical_altar_sacrificial, minmay_box_of_dots
D:2:      layout_basic
D:3:      layout_basic
D:4:      layout_gridville
D:5:      layout_loops_ring, temple_fountains, minmay_misc_feat_alley,
          kennysheep_generic_room_13
D:6:      layout_cave_pools, grunt_decor_mini_mirrors, uniq_blork_the_orc
D:7:      layout_rooms, mainiacjoe_overflow_tiny_flanked
D:8:      layout_gridville, st_stairs_2, uniq_grum, uniq_maurice
D:9:      layout_basic, david_orc_1_choice, serial_shops, shop
D:10:     layout_layer_cave, lightli_minifort, uniq_fannar, uniq_erica
Temple:   mainiacjoe_temple_circle_huts

Skill      XL: |  1  2  3  4  5  6  7  8  9 10 |
---------------+-------------------------------+-----
Spellcasting   | 3 4 5 6 8 10 | 10.5
Stealth        | 2 3 4 |  4.5
Armour         | 1 3 4 5 |  5.2
Dodging        | 3 4 |  4.7
Fighting       | 1 2 3 |  3.4
Shields        | 1 2 |  2.3

Action                   |  1- 3 |  4- 6 |  7- 9 | 10-12 || total
-------------------------+-------+-------+-------+-------++-------
Melee: Dagger            |    10 |     7 |       |       ||    17
       War axe           |       |     3 |       |       ||     3
       Falchion          |       |     2 |    22 |       ||    24
       Long sword        |       |       |     7 |       ||     7
       Scimitar          |       |       |       |    15 ||    15
 Cast: Foxfire           |    56 |    76 |   131 |    56 ||   319
       Scorch            |       |    21 |    49 |    49 ||   119
       Corpse Rot        |       |     1 |       |       ||     1
       Swiftness         |       |       |     1 |       ||     1
       Flame Wave        |       |       |       |     6 ||     6
Invok: Lunge             |     1 |     1 |     6 |     3 ||    11
       Whirlwind         |     6 |     2 |    10 |     1 ||    19
 Stab: Sleeping          |       |     2 |     3 |       ||     5
       Distracted        |       |       |       |     1 ||     1
Armor: Robe              |     9 |     7 |       |       ||    16
       Leather armour    |       |       |    10 |       ||    10
       Ring mail         |       |       |    10 |    29 ||    39
Dodge: Dodged            |    11 |    20 |    26 |    37 ||    94
Block: Buckler           |       |     3 |    15 |    15 ||    33

Table legend: (Time is in decaauts)
 A = Elapsed time spent in this place.
 B = Non-inter-level travel time spent in this place.
 C = Inter-level travel time spent in this place.
 D = Time resting spent in this place.
 E = Time spent auto-exploring this place.
 F = Levels seen in this place.
 G = Mean time per level.
                   A        B        C        D        E       F      G
               +--------+--------+--------+--------+--------+-----+--------+
         Total |   9345 |   8708 |    637 |    103 |   6509 |  11 |  849.5 |
       Dungeon |   9018 |   8397 |    621 |    103 |   6221 |  10 |  901.8 |
        Temple |    326 |    310 |     16 |      0 |    288 |   1 |  326.0 |
               +--------+--------+--------+--------+--------+-----+--------+

Top non-repeatable levels by time:
     D:3: 1583 daAuts
     D:1: 1482 daAuts
     D:4: 1181 daAuts
     D:2: 1053 daAuts
     D:9: 901 daAuts
     D:8: 755 daAuts
     D:5: 742 daAuts
     D:6: 612 daAuts
     D:7: 612 daAuts
  Temple: 326 daAuts
    D:10: 93 daAuts
